Blues vs Avalanche

Created - December 19 2010 at 10:19

Goals
1 2 3 T
Blues 1 2 2 5
Avalanche 0 1 0 1
Shots
1 2 3 T
Blues 7 7 7 21
Avalanche 9 18 7 34

Period #1

1. Blues , Kristian Huselius 11 (Saku Koivu, Scott Niedermayer) at 9:22

Penalties :
T.J. Oshie (COL) for Tripping (Minor) at 6:40, Brian Pothier (STL) for Roughing (Minor) at 12:13, Chris Kunitz (STL) for Holding (Minor) at 17:31

Period #2

2. Avalanche , T.J. Oshie 6 (Troy Brouwer, Marcel Goc) at 6:40
3. Blues , Saku Koivu 6 (Kristian Huselius, Robyn Regehr) at 11:07
4. Blues , Daymond Langkow 2 (Todd Bertuzzi, Alexander Frolov) at 15:47

Penalties :
Brian Pothier (STL) for Tripping (Minor) at 0:38, Jay McKee (STL) for Hooking (Minor) at 3:31, Todd Bertuzzi (STL) for Holding (Minor) at 7:01, Robyn Regehr (STL) for Roughing (Double Minor) at 11:22

Period #3

5. Blues , Jussi Jokinen 16 (Steve Ott, Dennis Wideman) at 7:30 (PP)
6. Blues , Alexander Frolov 9 (Todd Bertuzzi, Jay McKee) at 12:05

Penalties :
Alexander Frolov (STL) for Hooking (Minor) at 1:06, T.J. Oshie (COL) for Elbowing (Minor) at 7:02, Troy Brouwer (COL) for Tripping (Minor) at 9:41, Todd Bertuzzi (STL) for Tripping (Minor) at 16:09

Goalie Stats

Jonathan Quick (STL), 33 saves from 34 shots - (0.971), W, 11-22-3, 60:00 minutes
Antti Niemi (COL), 0 saves from 0 shots - (0.000), 7:55 minutes
Semyon Varlamov (COL), 16 saves from 21 shots - (0.762), L, 7-4-2, 52:05 minutes

Players Stats

Blues
Player Name              G  A  P  +/- PIM S  H  SB FO    MP 
------------------------------------------------------------
Alexander Frolov         1  1  2   2  2   3  1  0  0/0   15 
Brad Lukowich            0  0  0   2  0   0  1  1  0/0   16 
Brian Pothier            0  0  0   0  4   0  0  1  0/0   18 
Chris Kunitz             0  0  0   0  2   2  0  0  1/1   12 
Dan Sexton               0  0  0  -1  0   1  0  0  0/0   7  
Daymond Langkow          1  0  1   2  0   1  0  0  4/12  17 
Dennis Wideman           0  1  1   0  0   0  2  1  0/0   21 
Jamie Langenbrunner      0  0  0   2  0   0  0  0  7/14  17 
Jay McKee                0  1  1   2  2   1  4  2  0/0   18 
Jussi Jokinen            1  0  1   0  0   4  1  0  8/28  20 
Kristian Huselius        1  1  2   2  0   2  0  0  0/0   17 
Matthew Lombardi         0  0  0  -1  0   0  0  0  5/11  8  
Mike Comrie              0  0  0  -1  0   1  0  0  1/1   8  
Robyn Regehr             0  1  1   1  4   2  6  0  0/0   21 
Saku Koivu               1  1  2   2  0   1  1  0  11/14 16 
Scott Niedermayer        0  1  1   1  0   1  0  2  0/0   24 
Steve Ott                0  1  1   0  0   1  7  0  1/1   12 
Todd Bertuzzi            0  2  2   2  4   1  2  0  0/1   15 
Avalanche
Player Name              G  A  P  +/- PIM S  H  SB FO    MP 
------------------------------------------------------------
Brian Gionta             0  0  0   0  0   9  0  0  2/7   19 
Carl Gunnarsson          0  0  0  -2  0   1  0  1  0/0   21 
Daniel Briere            0  0  0  -2  0   3  1  0  0/0   21 
Joe Corvo                0  0  0  -2  0   1  1  1  0/0   20 
Kevin Klein              0  0  0  -1  0   1  0  1  0/0   14 
Kris Versteeg            0  0  0   0  0   1  0  1  0/0   6  
Marcel Goc               0  1  1  -1  0   2  0  0  10/15 14 
Mike Knuble              0  0  0   0  0   0  0  0  0/3   18 
Niclas Wallin            0  0  0  -1  0   0  3  1  0/0   16 
Sheldon Souray           0  0  0   0  0   1  1  0  0/0   23 
T.J. Galiardi            0  0  0   0  0   0  1  0  0/0   6  
T.J. Oshie               1  0  1  -1  4   3  1  0  0/1   14 
Todd White               0  0  0   0  0   0  0  0  3/6   8  
Troy Brouwer             0  1  1  -1  2   5  0  1  0/2   15 
Tyler Bozak              0  0  0  -2  0   4  0  0  12/27 19 
Vaclav Prospal           0  0  0   0  0   1  0  0  17/20 19 
Wade Redden              0  0  0   0  0   0  0  3  0/0   22 
Wojtek Wolski            0  0  0  -2  0   2  0  0  1/2   19 

3 Stars

1 - Saku Koivu (STL)
2 - Jonathan Quick (STL)
3 - Kristian Huselius (STL)

Power Play

Blues - 1 on 3 Attempt(s) - 33.33%
Avalanche - 0 on 8 Attempt(s) - 0.00%

Penalty Kill

Blues - 8 on 8 Attempt(s) - 100.00% - Score 0 goal in Penalty Kill
Avalanche - 2 on 3 Attempt(s) - 66.67% - Score 0 goal in Penalty Kill

Game Notes

Antti Niemi enters game at 12:05 of 3rd period

Finance

Level 1 -- Attendance: 6180 (95.08%) -- Ticket Income $556,200.00
Level 2 -- Attendance: 3445 (68.90%) -- Ticket Income $206,700.00
Level 3 -- Attendance: 2824 (80.69%) -- Ticket Income $98,840.00
Level 4 -- Attendance: 1892 (94.27%) -- Ticket Income $47,300.00
Luxury Box -- Attendance: 916 (91.60%) -- Ticket Income $174,040.00
Game was played at the Pepsi Center
Total Attendance: 15257 (84.73%)
Total Ticket Income: $1,121,661.00
Other Income: $190,554.90
Total Income: $1,312,216.00


Play by Play

Period #1

0:01 of 1st period - Saku Koivu wins face-off versus Vaclav Prospal in neutral zone.
0:37 of 1st period - Icing by Sheldon Souray.
0:38 of 1st period - Vaclav Prospal wins face-off versus Jussi Jokinen in Avalanche zone.
0:38 of 1st period - Vaclav Prospal is hit by Steve Ott.
1:06 of 1st period - Icing by Brian Pothier.
1:07 of 1st period - Tyler Bozak wins face-off versus Jussi Jokinen in Blues zone.
1:16 of 1st period - Shot by Wojtek Wolski.
1:16 of 1st period - Stopped by Jonathan Quick without a rebound.
1:17 of 1st period - Marcel Goc wins face-off versus Daymond Langkow in Blues zone.
1:17 of 1st period - Marcel Goc is hit by Brad Lukowich.
1:20 of 1st period - Troy Brouwer is hit by Jay McKee and loses puck.
1:30 of 1st period - T.J. Oshie is hit by Jay McKee and loses puck.
2:09 of 1st period - Daymond Langkow is hit by Joe Corvo and loses puck.
2:25 of 1st period - Icing by Scott Niedermayer.
2:26 of 1st period - Saku Koivu wins face-off versus Todd White in Blues zone.
3:44 of 1st period - Shot by Daniel Briere.
3:44 of 1st period - Deflect By Wojtek Wolski.
3:44 of 1st period - Stopped by Jonathan Quick without a rebound.
3:45 of 1st period - Matthew Lombardi wins face-off versus Marcel Goc in Blues zone.
3:58 of 1st period - Shot by Marcel Goc.
3:58 of 1st period - Stopped by Jonathan Quick without a rebound.
3:59 of 1st period - Vaclav Prospal wins face-off versus Daymond Langkow in Blues zone.
4:10 of 1st period - Shot by Mike Knuble.
4:10 of 1st period - Shot Misses the Net.
4:18 of 1st period - Shot by Todd Bertuzzi.
4:18 of 1st period - Shot Misses the Net.
4:20 of 1st period - Shot by Brad Lukowich.
4:20 of 1st period - Shot Misses the Net.
4:22 of 1st period - Shot by Todd Bertuzzi.
4:22 of 1st period - Shot Misses the Net.
4:24 of 1st period - Shot by Brad Lukowich.
4:24 of 1st period - Shot Misses the Net.
4:26 of 1st period - Shot by Jay McKee.
4:26 of 1st period - Shot Blocked by Wade Redden.
4:28 of 1st period - Shot by Brad Lukowich.
4:28 of 1st period - Deflect By Alexander Frolov.
4:28 of 1st period - Shot Misses the Net.
4:48 of 1st period - Icing by Wade Redden.
4:49 of 1st period - Matthew Lombardi wins face-off versus Vaclav Prospal in Avalanche zone.
5:00 of 1st period - Shot by Dan Sexton.
5:00 of 1st period - Stopped by Semyon Varlamov without a rebound.
5:01 of 1st period - Tyler Bozak wins face-off versus Jussi Jokinen in Avalanche zone.
5:01 of 1st period - Tyler Bozak is hit by Steve Ott.
5:11 of 1st period - Shot by Daniel Briere.
5:11 of 1st period - Deflect By Tyler Bozak.
5:11 of 1st period - Stopped by Jonathan Quick without a rebound.
5:12 of 1st period - Saku Koivu wins face-off versus Marcel Goc in Blues zone.
5:21 of 1st period - Shot by T.J. Oshie.
5:21 of 1st period - Stopped by Jonathan Quick without a rebound.
5:22 of 1st period - Jussi Jokinen wins face-off versus Tyler Bozak in Blues zone.
5:34 of 1st period - Icing by Daniel Briere.
5:35 of 1st period - Saku Koivu wins face-off versus Tyler Bozak in Avalanche zone.
5:36 of 1st period - Shot by Kristian Huselius.
5:36 of 1st period - Shot Misses the Net.
5:38 of 1st period - Shot by Robyn Regehr.
5:38 of 1st period - Stopped by Semyon Varlamov without a rebound.
5:39 of 1st period - Matthew Lombardi wins face-off versus T.J. Oshie in Avalanche zone.
5:39 of 1st period - Scott Niedermayer is hit by Niclas Wallin and loses puck.
5:49 of 1st period - Icing by Robyn Regehr.
5:50 of 1st period - Matthew Lombardi wins face-off versus Tyler Bozak in Blues zone.
6:20 of 1st period - Shot by Daniel Briere.
6:20 of 1st period - Shot Misses the Net.
6:22 of 1st period - Shot by Carl Gunnarsson.
6:22 of 1st period - Stopped by Jonathan Quick without a rebound.
6:23 of 1st period - Marcel Goc wins face-off versus Jussi Jokinen in Blues zone.
6:26 of 1st period - Shot by Troy Brouwer.
6:26 of 1st period - Stopped by Jonathan Quick without a rebound.
6:27 of 1st period - Marcel Goc wins face-off versus Daymond Langkow in Blues zone.
6:36 of 1st period - Alexander Frolov is hit by T.J. Oshie and loses puck.
6:40 of 1st period - Minor Penalty to T.J. Oshie for Tripping.
6:41 of 1st period - Jussi Jokinen wins face-off versus Brian Gionta in Avalanche zone.
6:44 of 1st period - Shot by Chris Kunitz.
6:44 of 1st period - Stopped by Semyon Varlamov without a rebound.
6:45 of 1st period - Jussi Jokinen wins face-off versus Brian Gionta in Avalanche zone.
7:43 of 1st period - Icing by Robyn Regehr.
7:44 of 1st period - Saku Koivu wins face-off versus Mike Knuble in Blues zone.
8:09 of 1st period - Shot by Scott Niedermayer.
8:09 of 1st period - Stopped by Semyon Varlamov without a rebound.
8:10 of 1st period - Brian Gionta wins face-off versus Jussi Jokinen in Avalanche zone.
8:40 of 1st period - Shot by Jussi Jokinen.
8:40 of 1st period - Shot Misses the Net.
8:42 of 1st period - Shot by Daymond Langkow.
8:42 of 1st period - Shot Blocked by Troy Brouwer.
8:46 of 1st period - Shot by Todd Bertuzzi.
8:46 of 1st period - Stopped by Semyon Varlamov without a rebound.
8:47 of 1st period - Marcel Goc wins face-off versus Daymond Langkow in Avalanche zone.
9:08 of 1st period - Shot by Troy Brouwer.
9:08 of 1st period - Shot Misses the Net.
9:16 of 1st period - Shot by Alexander Frolov.
9:16 of 1st period - Stopped by Semyon Varlamov without a rebound.
9:17 of 1st period - Saku Koivu wins face-off versus Tyler Bozak in Avalanche zone.
9:22 of 1st period - Shot by Kristian Huselius.
9:22 of 1st period - Goal by Kristian Huselius - Blues : 1 - Avalanche : 0.
9:23 of 1st period - Vaclav Prospal wins face-off versus Matthew Lombardi in neutral zone.
9:46 of 1st period - Shot by Sheldon Souray.
9:46 of 1st period - Shot Misses the Net.
10:23 of 1st period - Shot by Jussi Jokinen.
10:23 of 1st period - Shot Misses the Net.
10:25 of 1st period - Shot by Chris Kunitz.
10:25 of 1st period - Deflect By Jussi Jokinen.
10:25 of 1st period - Shot Misses the Net.
11:50 of 1st period - Icing by Joe Corvo.
11:51 of 1st period - Mike Comrie wins face-off versus Tyler Bozak in Avalanche zone.
12:00 of 1st period - Shot by Matthew Lombardi.
12:00 of 1st period - Shot Misses the Net.
12:07 of 1st period - Icing by Joe Corvo.
12:08 of 1st period - Tyler Bozak wins face-off versus Jussi Jokinen in Avalanche zone.
12:08 of 1st period - Tyler Bozak is hit by Steve Ott.
12:13 of 1st period - Minor Penalty to Brian Pothier for Roughing.
12:14 of 1st period - Tyler Bozak wins face-off versus Jussi Jokinen in Blues zone.
12:54 of 1st period - Icing by Wojtek Wolski.
12:55 of 1st period - Tyler Bozak wins face-off versus Jamie Langenbrunner in Avalanche zone.
14:04 of 1st period - Icing by Carl Gunnarsson.
14:05 of 1st period - Jussi Jokinen wins face-off versus Tyler Bozak in Avalanche zone.
14:24 of 1st period - Shot by Troy Brouwer.
14:24 of 1st period - Stopped by Jonathan Quick without a rebound.
14:25 of 1st period - Marcel Goc wins face-off versus Matthew Lombardi in Blues zone.
15:34 of 1st period - Shot by Kris Versteeg.
15:34 of 1st period - Shot Blocked by Jay McKee.
16:41 of 1st period - Shot by Tyler Bozak.
16:41 of 1st period - Shot Misses the Net.
16:43 of 1st period - Shot by Joe Corvo.
16:43 of 1st period - Stopped by Jonathan Quick without a rebound.
16:44 of 1st period - Saku Koivu wins face-off versus Marcel Goc in Blues zone.
17:06 of 1st period - Todd White is hit by Robyn Regehr.
17:31 of 1st period - Minor Penalty to Chris Kunitz for Holding.
17:32 of 1st period - Tyler Bozak wins face-off versus Jussi Jokinen in Blues zone.
19:32 of 1st period - Shot by T.J. Oshie.
19:32 of 1st period - Shot Blocked by Brad Lukowich.

Period #2

0:01 of 2nd period - Saku Koivu wins face-off versus Vaclav Prospal in neutral zone.
0:03 of 2nd period - Scott Niedermayer is hit by Sheldon Souray and loses puck.
0:16 of 2nd period - Icing by Mike Knuble.
0:17 of 2nd period - Vaclav Prospal wins face-off versus Jussi Jokinen in Avalanche zone.
0:17 of 2nd period - Vaclav Prospal is hit by Steve Ott.
0:37 of 2nd period - Shot by Mike Knuble.
0:37 of 2nd period - Deflect By Vaclav Prospal.
0:37 of 2nd period - Shot Misses the Net.
0:38 of 2nd period - Minor Penalty to Brian Pothier for Tripping.
0:39 of 2nd period - Tyler Bozak wins face-off versus Jamie Langenbrunner in Blues zone.
0:46 of 2nd period - Shot by Daniel Briere.
0:46 of 2nd period - Stopped by Jonathan Quick without a rebound.
0:47 of 2nd period - Tyler Bozak wins face-off versus Jamie Langenbrunner in Blues zone.
2:36 of 2nd period - Shot by Carl Gunnarsson.
2:36 of 2nd period - Shot Blocked by Scott Niedermayer.
2:38 of 2nd period - Shot by Carl Gunnarsson.
2:38 of 2nd period - Shot Misses the Net.
2:42 of 2nd period - Shot by Kevin Klein.
2:42 of 2nd period - Stopped by Jonathan Quick with a rebound.
3:31 of 2nd period - Minor Penalty to Jay McKee for Hooking.
3:32 of 2nd period - Jamie Langenbrunner wins face-off versus Wojtek Wolski in Blues zone.
3:59 of 2nd period - Shot by Daniel Briere.
3:59 of 2nd period - Shot Misses the Net.
4:01 of 2nd period - Shot by Tyler Bozak.
4:01 of 2nd period - Stopped by Jonathan Quick without a rebound.
4:02 of 2nd period - Vaclav Prospal wins face-off versus Jussi Jokinen in Blues zone.
4:03 of 2nd period - Shot by Mike Knuble.
4:03 of 2nd period - Shot Misses the Net.
4:05 of 2nd period - Shot by Vaclav Prospal.
4:05 of 2nd period - Shot Blocked by Brian Pothier.
4:09 of 2nd period - Shot by Brian Gionta.
4:09 of 2nd period - Stopped by Jonathan Quick with a rebound.
4:11 of 2nd period - Shot by Vaclav Prospal.
4:11 of 2nd period - Deflect By Brian Gionta.
4:11 of 2nd period - Stopped by Jonathan Quick without a rebound.
4:12 of 2nd period - Vaclav Prospal wins face-off versus Jamie Langenbrunner in Blues zone.
4:26 of 2nd period - Icing by Sheldon Souray.
4:27 of 2nd period - Vaclav Prospal wins face-off versus Jussi Jokinen in Avalanche zone.
4:34 of 2nd period - Shot by Brian Gionta.
4:34 of 2nd period - Stopped by Jonathan Quick with a rebound.
4:36 of 2nd period - Shot by Vaclav Prospal.
4:36 of 2nd period - Stopped by Jonathan Quick without a rebound.
4:37 of 2nd period - Jamie Langenbrunner wins face-off versus Tyler Bozak in Blues zone.
5:36 of 2nd period - Icing by Brad Lukowich.
5:37 of 2nd period - Marcel Goc wins face-off versus Daymond Langkow in Blues zone.
5:40 of 2nd period - Shot by Troy Brouwer.
5:40 of 2nd period - Stopped by Jonathan Quick without a rebound.
5:41 of 2nd period - Jussi Jokinen wins face-off versus Troy Brouwer in Blues zone.
5:52 of 2nd period - Shot by Steve Ott.
5:52 of 2nd period - Shot Blocked by Niclas Wallin.
5:54 of 2nd period - Shot by Brian Pothier.
5:54 of 2nd period - Shot Hit the Post.
5:58 of 2nd period - Shot by Jussi Jokinen.
5:58 of 2nd period - Stopped by Semyon Varlamov without a rebound.
5:59 of 2nd period - Daymond Langkow wins face-off versus Todd White in Avalanche zone.
6:02 of 2nd period - Shot by Alexander Frolov.
6:02 of 2nd period - Stopped by Semyon Varlamov with a rebound.
6:08 of 2nd period - Shot by Sheldon Souray.
6:08 of 2nd period - Stopped by Jonathan Quick without a rebound.
6:09 of 2nd period - Marcel Goc wins face-off versus Matthew Lombardi in Blues zone.
6:36 of 2nd period - Shot by Troy Brouwer.
6:36 of 2nd period - Shot Blocked by Scott Niedermayer.
6:38 of 2nd period - Shot by T.J. Oshie.
6:38 of 2nd period - Stopped by Jonathan Quick with a rebound.
6:40 of 2nd period - Shot by T.J. Oshie.
6:40 of 2nd period - Goal by T.J. Oshie - Blues : 1 - Avalanche : 1.
6:41 of 2nd period - Jussi Jokinen wins face-off versus Tyler Bozak in neutral zone.
6:56 of 2nd period - Shot by Steve Ott.
6:56 of 2nd period - Stopped by Semyon Varlamov without a rebound.
6:57 of 2nd period - Vaclav Prospal wins face-off versus Daymond Langkow in Avalanche zone.
7:01 of 2nd period - Minor Penalty to Todd Bertuzzi for Holding.
7:02 of 2nd period - Jussi Jokinen wins face-off versus Mike Knuble in Blues zone.
7:37 of 2nd period - Shot by Brian Gionta.
7:37 of 2nd period - Stopped by Jonathan Quick without a rebound.
7:38 of 2nd period - Jamie Langenbrunner wins face-off versus Tyler Bozak in Blues zone.
7:53 of 2nd period - Icing by Wojtek Wolski.
7:54 of 2nd period - Jamie Langenbrunner wins face-off versus Tyler Bozak in Avalanche zone.
7:58 of 2nd period - Icing by Carl Gunnarsson.
7:59 of 2nd period - Jamie Langenbrunner wins face-off versus Tyler Bozak in Avalanche zone.
8:20 of 2nd period - Shot by Tyler Bozak.
8:20 of 2nd period - Stopped by Jonathan Quick without a rebound.
8:21 of 2nd period - Jussi Jokinen wins face-off versus Brian Gionta in Blues zone.
8:40 of 2nd period - Shot by Brian Gionta.
8:40 of 2nd period - Shot Misses the Net.
8:49 of 2nd period - Icing by Brian Gionta.
8:50 of 2nd period - Vaclav Prospal wins face-off versus Saku Koivu in Avalanche zone.
10:18 of 2nd period - Shot by Chris Kunitz.
10:18 of 2nd period - Shot Blocked by Carl Gunnarsson.
10:22 of 2nd period - Shot by Chris Kunitz.
10:22 of 2nd period - Stopped by Semyon Varlamov with a rebound.
10:24 of 2nd period - Shot by Steve Ott.
10:24 of 2nd period - Shot Blocked by Joe Corvo.
11:07 of 2nd period - Shot by Saku Koivu.
11:07 of 2nd period - Goal by Saku Koivu - Blues : 2 - Avalanche : 1.
11:08 of 2nd period - Vaclav Prospal wins face-off versus Matthew Lombardi in neutral zone.
11:21 of 2nd period - Mike Knuble is hit by Robyn Regehr and loses puck.
11:22 of 2nd period - Double Minor Penalty to Robyn Regehr for Roughing.
11:23 of 2nd period - Vaclav Prospal wins face-off versus Jussi Jokinen in Blues zone.
12:07 of 2nd period - Icing by Kris Versteeg.
12:08 of 2nd period - Todd White wins face-off versus Jamie Langenbrunner in Avalanche zone.
12:08 of 2nd period - Todd White is hit by Saku Koivu.
13:06 of 2nd period - Shot by Brian Gionta.
13:06 of 2nd period - Stopped by Jonathan Quick without a rebound.
13:07 of 2nd period - Jamie Langenbrunner wins face-off versus Tyler Bozak in Blues zone.
13:23 of 2nd period - Icing by Tyler Bozak.
13:24 of 2nd period - Jamie Langenbrunner wins face-off versus Tyler Bozak in Avalanche zone.
13:39 of 2nd period - Shot by Daniel Briere.
13:39 of 2nd period - Shot Blocked by Jay McKee.
14:46 of 2nd period - Shot by Tyler Bozak.
14:46 of 2nd period - Shot Blocked by Dennis Wideman.
14:50 of 2nd period - Shot by Daniel Briere.
14:50 of 2nd period - Stopped by Jonathan Quick with a rebound.
15:08 of 2nd period - Brian Gionta is hit by Jussi Jokinen and loses puck.
15:19 of 2nd period - Shot by Niclas Wallin.
15:19 of 2nd period - Shot Misses the Net.
15:23 of 2nd period - Shot by Mike Knuble.
15:23 of 2nd period - Shot Misses the Net.
15:25 of 2nd period - Shot by Troy Brouwer.
15:25 of 2nd period - Stopped by Jonathan Quick without a rebound.
15:26 of 2nd period - Daymond Langkow wins face-off versus Troy Brouwer in Blues zone.
15:35 of 2nd period - Shot by Daymond Langkow.
15:35 of 2nd period - Shot Misses the Net.
15:47 of 2nd period - Shot by Daymond Langkow.
15:47 of 2nd period - Goal by Daymond Langkow - Blues : 3 - Avalanche : 1.
15:48 of 2nd period - Todd White wins face-off versus Matthew Lombardi in neutral zone.
15:51 of 2nd period - Mike Comrie is hit by T.J. Galiardi and loses puck.
16:04 of 2nd period - Shot by Scott Niedermayer.
16:04 of 2nd period - Deflect By Dan Sexton.
16:04 of 2nd period - Shot Blocked by Wade Redden.
16:08 of 2nd period - Shot by Mike Comrie.
16:08 of 2nd period - Stopped by Semyon Varlamov without a rebound.
16:09 of 2nd period - Marcel Goc wins face-off versus Daymond Langkow in Avalanche zone.
17:24 of 2nd period - Tyler Bozak is hit by Robyn Regehr and loses puck.
17:30 of 2nd period - Tyler Bozak is hit by Robyn Regehr and loses puck.
17:36 of 2nd period - Shot by Tyler Bozak.
17:36 of 2nd period - Stopped by Jonathan Quick without a rebound.
17:37 of 2nd period - Vaclav Prospal wins face-off versus Jussi Jokinen in Blues zone.
17:38 of 2nd period - Shot by Wade Redden.
17:38 of 2nd period - Shot Misses the Net.
17:42 of 2nd period - Shot by Mike Knuble.
17:42 of 2nd period - Shot Misses the Net.
17:44 of 2nd period - Shot by Brian Gionta.
17:44 of 2nd period - Shot Misses the Net.
17:46 of 2nd period - Shot by Brian Gionta.
17:46 of 2nd period - Stopped by Jonathan Quick with a rebound.
17:50 of 2nd period - Shot by Brian Gionta.
17:50 of 2nd period - Shot Hit the Post.
17:54 of 2nd period - Shot by Vaclav Prospal.
17:54 of 2nd period - Shot Misses the Net.
17:56 of 2nd period - Shot by Mike Knuble.
17:56 of 2nd period - Shot Misses the Net.
17:58 of 2nd period - Shot by Mike Knuble.
17:58 of 2nd period - Shot Misses the Net.
18:00 of 2nd period - Shot by Wade Redden.
18:00 of 2nd period - Shot Misses the Net.
18:50 of 2nd period - Icing by Jay McKee.
18:51 of 2nd period - Marcel Goc wins face-off versus Daymond Langkow in Blues zone.
18:52 of 2nd period - Shot by Troy Brouwer.
18:52 of 2nd period - Shot Misses the Net.
18:54 of 2nd period - Shot by T.J. Oshie.
18:54 of 2nd period - Shot Misses the Net.
19:11 of 2nd period - Shot by Alexander Frolov.
19:11 of 2nd period - Shot Misses the Net.
19:36 of 2nd period - Scott Niedermayer is hit by Niclas Wallin and loses puck.

Period #3

0:01 of 3rd period - Vaclav Prospal wins face-off versus Saku Koivu in neutral zone.
0:27 of 3rd period - Off-side.
0:28 of 3rd period - Wojtek Wolski wins face-off versus Jussi Jokinen in neutral zone.
0:32 of 3rd period - Wojtek Wolski is hit by Steve Ott and loses puck.
0:36 of 3rd period - Carl Gunnarsson is hit by Dennis Wideman and loses puck.
0:57 of 3rd period - Carl Gunnarsson is hit by Steve Ott and loses puck.
1:01 of 3rd period - Icing by Joe Corvo.
1:02 of 3rd period - Tyler Bozak wins face-off versus Todd Bertuzzi in Avalanche zone.
1:02 of 3rd period - Joe Corvo is hit by Todd Bertuzzi and loses puck.
1:06 of 3rd period - Minor Penalty to Alexander Frolov for Hooking.
1:07 of 3rd period - Vaclav Prospal wins face-off versus Jamie Langenbrunner in Blues zone.
1:08 of 3rd period - Shot by Wade Redden.
1:08 of 3rd period - Shot Misses the Net.
1:18 of 3rd period - Shot by Brian Gionta.
1:18 of 3rd period - Shot Misses the Net.
1:48 of 3rd period - Shot by Mike Knuble.
1:48 of 3rd period - Deflect By Brian Gionta.
1:48 of 3rd period - Stopped by Jonathan Quick without a rebound.
1:49 of 3rd period - Tyler Bozak wins face-off versus Jamie Langenbrunner in Blues zone.
3:34 of 3rd period - Shot by Troy Brouwer.
3:34 of 3rd period - Stopped by Jonathan Quick without a rebound.
3:35 of 3rd period - Matthew Lombardi wins face-off versus Tyler Bozak in Blues zone.
5:17 of 3rd period - Shot by Alexander Frolov.
5:17 of 3rd period - Shot Blocked by Kris Versteeg.
5:19 of 3rd period - Shot by Daymond Langkow.
5:19 of 3rd period - Shot Misses the Net.
5:33 of 3rd period - Shot by Alexander Frolov.
5:33 of 3rd period - Shot Misses the Net.
5:35 of 3rd period - Shot by Jay McKee.
5:35 of 3rd period - Stopped by Semyon Varlamov with a rebound.
5:39 of 3rd period - Shot by Daymond Langkow.
5:39 of 3rd period - Shot Blocked by Wade Redden.
7:02 of 3rd period - Minor Penalty to T.J. Oshie for Elbowing.
7:03 of 3rd period - Vaclav Prospal wins face-off versus Jussi Jokinen in Avalanche zone.
7:03 of 3rd period - Vaclav Prospal is hit by Steve Ott.
7:30 of 3rd period - Shot by Jussi Jokinen.
7:30 of 3rd period - Goal by Jussi Jokinen - Blues : 4 - Avalanche : 1.
7:31 of 3rd period - Daymond Langkow wins face-off versus Marcel Goc in neutral zone.
7:45 of 3rd period - T.J. Oshie is hit by Jay McKee and loses puck.
9:00 of 3rd period - Shot by Daniel Briere.
9:00 of 3rd period - Stopped by Jonathan Quick without a rebound.
9:01 of 3rd period - Tyler Bozak wins face-off versus Jussi Jokinen in Blues zone.
9:17 of 3rd period - Steve Ott is hit by Daniel Briere and loses puck.
9:32 of 3rd period - Shot by Jussi Jokinen.
9:32 of 3rd period - Stopped by Semyon Varlamov without a rebound.
9:33 of 3rd period - Marcel Goc wins face-off versus Saku Koivu in Avalanche zone.
9:41 of 3rd period - Minor Penalty to Troy Brouwer for Tripping.
9:42 of 3rd period - Saku Koivu wins face-off versus Brian Gionta in Avalanche zone.
10:07 of 3rd period - Shot by Robyn Regehr.
10:07 of 3rd period - Stopped by Semyon Varlamov with a rebound.
10:11 of 3rd period - Shot by Kristian Huselius.
10:11 of 3rd period - Shot Misses the Net.
10:41 of 3rd period - Shot by Dennis Wideman.
10:41 of 3rd period - Shot Misses the Net.
10:49 of 3rd period - Shot by Dennis Wideman.
10:49 of 3rd period - Shot Misses the Net.
11:15 of 3rd period - Shot by Kristian Huselius.
11:15 of 3rd period - Stopped by Semyon Varlamov without a rebound.
11:16 of 3rd period - Steve Ott wins face-off versus Brian Gionta in Avalanche zone.
11:25 of 3rd period - Shot by Jussi Jokinen.
11:25 of 3rd period - Stopped by Semyon Varlamov without a rebound.
11:26 of 3rd period - Saku Koivu wins face-off versus Mike Knuble in Avalanche zone.
11:42 of 3rd period - Jamie Langenbrunner is hit by Niclas Wallin and loses puck.
12:05 of 3rd period - Shot by Alexander Frolov.
12:05 of 3rd period - Goal by Alexander Frolov - Blues : 5 - Avalanche : 1.
12:05 of 3rd period - Antti Niemi enters game.
12:06 of 3rd period - Todd White wins face-off versus Matthew Lombardi in neutral zone.
12:08 of 3rd period - Sheldon Souray is hit by Robyn Regehr and loses puck.
12:24 of 3rd period - T.J. Galiardi is hit by Robyn Regehr and loses puck.
13:04 of 3rd period - Icing by Carl Gunnarsson.
13:05 of 3rd period - Tyler Bozak wins face-off versus Jussi Jokinen in Avalanche zone.
13:11 of 3rd period - Icing by Joe Corvo.
13:12 of 3rd period - Daymond Langkow wins face-off versus Tyler Bozak in Avalanche zone.
13:50 of 3rd period - Shot by Marcel Goc.
13:50 of 3rd period - Shot Misses the Net.
14:01 of 3rd period - Shot by Marcel Goc.
14:01 of 3rd period - Stopped by Jonathan Quick without a rebound.
14:02 of 3rd period - Brian Gionta wins face-off versus Jussi Jokinen in Blues zone.
14:07 of 3rd period - Shot by Brian Gionta.
14:07 of 3rd period - Stopped by Jonathan Quick without a rebound.
14:08 of 3rd period - Chris Kunitz wins face-off versus Todd White in Blues zone.
14:16 of 3rd period - T.J. Galiardi is hit by Dennis Wideman and loses puck.
14:39 of 3rd period - Shot by Kris Versteeg.
14:39 of 3rd period - Stopped by Jonathan Quick without a rebound.
14:40 of 3rd period - Saku Koivu wins face-off versus Marcel Goc in Blues zone.
15:07 of 3rd period - Shot by Jamie Langenbrunner.
15:07 of 3rd period - Shot Misses the Net.
15:09 of 3rd period - Shot by Jamie Langenbrunner.
15:09 of 3rd period - Shot Misses the Net.
15:11 of 3rd period - Shot by Saku Koivu.
15:11 of 3rd period - Shot Blocked by Kevin Klein.
15:59 of 3rd period - Joe Corvo is hit by Alexander Frolov.
16:09 of 3rd period - Minor Penalty to Todd Bertuzzi for Tripping.
16:10 of 3rd period - Vaclav Prospal wins face-off versus Jussi Jokinen in Blues zone.
16:11 of 3rd period - Shot by Mike Knuble.
16:11 of 3rd period - Shot Misses the Net.
16:15 of 3rd period - Shot by Mike Knuble.
16:15 of 3rd period - Shot Misses the Net.
16:17 of 3rd period - Shot by Brian Gionta.
16:17 of 3rd period - Stopped by Jonathan Quick without a rebound.
16:18 of 3rd period - Vaclav Prospal wins face-off versus Jussi Jokinen in Blues zone.
19:34 of 3rd period - Shot by Wojtek Wolski.
19:34 of 3rd period - Shot Misses the Net.
19:40 of 3rd period - Brian Gionta is hit by Todd Bertuzzi and loses puck.
19:58 of 3rd period - Wojtek Wolski is hit by Jay McKee and loses puck.


Output by the SimonT Hockey Simulator (STHS) for Stephane Roy -- Original Page W3C XHTML 1.0 Valid